Map: Kairos Junction LE

Players

TiPtOP

  • Race: Terran Terran
  • League: Silver
  • Spawn Location: 5:00

ALPHATEAM - Winner!

  • Race: Terran Terran
  • Spawn Location: 11:00

VOD

Have the link to the VOD?

Description

Time

  • Played on: Aug. 18, 2019, 4:17 a.m.
  • Length: 5:10
Show
View Real Time Build Order
Export as new Build Order

TiPtOP Terran 

Build Orders: 2 Factory 

Get SALT Encoding   

  12  0:01  SCV  
  13  0:13  SCV  
  14  0:19  Supply Depot  
  14  0:27  SCV  
  15  0:40  SCV  
  15  0:42  Barracks  
  16  0:53  SCV  
  17  1:01  Refinery  
  17  1:22  SCV  
  18  1:30  Marine  
  18  1:31  Supply Depot  
  19  1:38  Orbital Command  
  19  1:53  Command Center  
  19  2:13  Factory  
  19  2:16  SCV  
  20  2:24  Refinery  
  20  2:29  SCV  
  21  2:38  Barracks Tech Lab  
  21  2:41  SCV  
  22  2:53  SCV  
  23  3:03  Factory  
  23  3:18  Supply Depot  
  23  3:24  SCV  
  24  3:29  Orbital Command  
  24  3:36  SCV  
  25  3:47  Supply Depot  
  25  3:48  Factory Reactor  
  25  3:52  Factory  
  24  3:58  SCV  
  24  3:59  SCV  
  25  4:10  SCV  
  26  4:27  Hellion  
  26  4:28  Hellion  
  29  4:44  SCV x2  
  13  4:56  SCV  
Show
View Real Time Build Order
Export as new Build Order

ALPHATEAM Terran - Winner!

Build Orders:  

Get SALT Encoding   

  12  0:11  Supply Depot  
  12  0:28  Refinery  
  12  0:33  SCV  
  13  0:45  SCV  
  13  0:48  Barracks  
  14  1:01  Refinery  
  14  1:15  Barracks  
  14  1:39  Engineering Bay  
  14  1:42  Barracks Reactor  
  14  2:02  Barracks Reactor  
  14  2:30  Marine x2  
  16  2:38  Marine x2  
  18  2:45  Planetary Fortress  
  18  2:47  Marine  
  18  2:48  Marine  
  20  2:57  Supply Depot  
  20  3:06  Marine  
  21  3:15  Marine  
  22  3:31  Marine x2  
  24  3:36  Marine  
  25  3:42  Marine  
  26  3:49  Marine  
  26  4:31  Marine x4  
  26  4:38  Supply Depot  
  30  4:39  Supply Depot  
  30  4:49  Marine  
Tags
 
Add a new tag
Caveats
  • Supply blocks, unpowered buildings, or Contaminate may cause inaccurate times.
  • Supply counts are checked every 10 seconds.